TKirby, lawful male human Samurai ------------ |$$$$$$$$$$+ |$$$$$$IIII| |........I..# ---- -------# # # # # # ----- ### |...+ # |...| ##..<.| ----- TKirby the Ninja Experience level: 6 Strength: 25 Dexterity: 16 Constitution: 18 Intelligence: 9 Wisdom: 9 Charisma: 6 Health: 0(53) Energy: 23(23) Def: 7 Gold: 657 Moves: 3295 Dungeon seed: 8qNn6GDy45gcSK9K Game ID: TKirby_1491590004 Your Inventory: Coins $ - 657 gold pieces Weapons a - a blessed +0 katana b - a +0 wakizashi (alternate weapon; not wielded) c - a +0 yumi d - 33 +0 ya (in quiver) r - the blessed rustproof +0 Excalibur (weapon in hand) D - 9 +0 silver arrows Armor e - an uncursed rustproof +0 splint mail (being worn) n - an uncursed rusty +0 pair of gauntlets of power (being worn) y - an uncursed +0 kabuto (being worn) Comestibles C - an uncursed tripe ration E - 4 uncursed gunyoki L - an uncursed cream pie Q - an uncursed cocks R - an uncursed gunyoki T - 2 uncursed candy bars Scrolls G - a cursed scroll of destroy armor P - a cursed scroll of food detection U - an uncursed scroll of taming V - an uncursed scroll of destroy armor Spellbooks S - an uncursed spellbook of cure blindness Potions l - an uncursed potion of fruit juice p - a cursed potion of speed F - an uncursed potion of sickness I - a cursed potion of sickness Rings m - an uncursed ring of sustain ability s - a cursed ring of polymorph M - an uncursed ring of see invisible Wands q - a wand of make invisible (0:6) Tools u - an uncursed osaku H - an uncursed oil lamp (0:1389) J - a +0 unicorn horn Spells and supernatural/magical abilities: Name Level Category Fail Memory B - cure blindness 2 healing 100% 100% W - pray for help -- divine ? -- Your skills at the end: Fighting Skills martial arts [Basic] Weapon Skills short sword [Basic] long sword [Basic] bow [Basic] Spellcasting Skills Final Attributes: You were piously aligned. You were level-drain resistant. You were blinded. You had automatic searching. You were fast. You are dead. Vanquished creatures: a small mimic 2 leprechauns 2 brown puddings a gray unicorn a wood nymph a rock piercer a rock mole a yellow light a gnomish wizard a little dog a kitten 2 homunculi 2 rothes a rabid rat a giant bat a wererat a werejackal 3 iguanas 2 acid blobs 2 coyotes 2 gas spores a hobbit 10 manes 2 large kobolds 3 giant rats 5 cave spiders a yellow mold a green mold 2 red molds 3 gnomes a garter snake a gecko 6 jackals 3 foxes a kobold 2 goblins 4 sewer rats 2 grid bugs 4 lichens 82 creatures vanquished. Voluntary challenges: You used a wielded weapon 85 times, starting on turn 239. You read items or engraved 2 times, starting on turn 3115. You never genocided any monsters. You never polymorphed an object. You never changed form. You used no wishes. You split 1 pudding, starting on turn 2581. You never wrote Elbereth's name. You violated your moral code, losing 15 points of alignment, starting on turn 1487. Dungeon overview: The Dungeons of Doom: levels 1 to 9 Level 1 a fountain a long staircase Level 2 a jewelry store Level 3 Level 4 an armor shop, an altar to Raijin a long staircase Level 5 an altar to Susanowo Level 6 many fountains Level 7 a fountain, a sink stairs to Sokoban Level 8 a general store Level 9 <- You were here Sokoban: Level 6 stairs to The Dungeons of Doom History has recorded: On T:1 you entered the Dungeons of Doom to retrieve the Amulet of Yendor! On T:353 you reached level 2 of The Dungeons of Doom. On T:560 you reached level 3 of The Dungeons of Doom. On T:692 you advanced to experience level 2. On T:905 you reached level 4 of The Dungeons of Doom. On T:1144 you advanced to experience level 3. On T:1399 you advanced to experience level 4. On T:1456 you reached level 5 of The Dungeons of Doom. On T:1571 you advanced to experience level 5. On T:1767 you reached level 6 of The Dungeons of Doom. On T:2156 you reached level 7 of The Dungeons of Doom. On T:2332 you advanced to experience level 6. On T:2516 you reached level 4 of Sokoban. On T:2788 you reached level 8 of The Dungeons of Doom. On T:3263 you reached level 9 of The Dungeons of Doom. Score breakdown: Gold: 657 ( 9586 points) Experience: 6 levels (12456 points) Exploration: 9 levels ( 19.57%) (12649 points) Discoveries: 3 items ( 1.22%) ( 3312 points) Valuables value: (no points given unless you survive) Artifact value: 4000 (12253 points) Variety of kills: 39 monsters ( 10.24%) ( 9598 points) Turncount: 3295 turns ( -738 points) Survival: died (score multiplied by 80%) Total score: 47292 Latest messages: You kill the giant rat! You kill the wood nymph! The little dog bites! The newt bites! The little dog bites! You kill the rabid rat! The little dog bites! You miss the yellow light. The yellow light bumps right into you! The little dog bites! The newt bites! The gecko bites! The yellow light explodes! You are blinded by a blast of light! It bites! It misses. It bites! It hits! You try to feel what is lying here on the floor. You feel here a two-handed sword. It bites! (3x) You die... Final status: Sayonara TKirby the Samurai, killed by a little dog... You died in The Dungeons of Doom on dungeon level 9 with 47292 points, and 657 pieces of gold, after 3295 moves. You were level 6 with a maximum of 53 hit points when you died.